 Dungeon Crawl Stone Soup version 0.23-a0-701-gd76f34b (webtiles) character file.

31 emperorscorpion the Grasshopper (level 3, -1/18 HPs)
             Began as a Vine Stalker Warper on Jan 12, 2019.
             Slain by a kobold (2 damage)
             ... on level 3 of the Dungeon.
             The game lasted 00:02:13 (288 turns).

emperorscorpion the Grasshopper (VSWr)               Turns: 288, Time: 00:02:14

Health: -1/18      AC:  3    Str: 14    XL:     3   Next: 22%
Magic:  0/7        EV: 17    Int: 13    God:
Gold:   25         SH:  0    Dex: 18    Spells: 6/6 levels left

rFire    . . .     SeeInvis .   a - +1 hand axe
rCold    . . .     Gourm    .   (no shield)
rNeg     . . .     Faith    .   b - +0 leather armour
rPois    .         Spirit   +   (helmet restricted)
rElec    .         Reflect  .   (no cloak)
rCorr    .         Harm     .   (no gloves)
MR       .....                  (no boots)
Stlth    ++........             (no amulet)
HPRegen  0.06/turn              (no ring)
MPRegen  0.10/turn              (no ring)

@: agile, lethally poisoned (-1 -> -7)
A: fangs 2, horns 1, blink, magic shield, antimagic bite, no potion heal 3, rot
immunity
a: Blink


You were on level 3 of the Dungeon.
You were not hungry.

You visited 1 branch of the dungeon, and saw 3 of its levels.

You collected 25 gold pieces.

Inventory:

Hand Weapons
 a - a +1 hand axe (weapon)
 g - a +0 spear
Missiles
 e - 5 tomahawks of dispersal (quivered)
 h - 7 needles of paralysis
Armour
 b - a +0 leather armour (worn)
Scrolls
 d - a scroll of blinking
Comestibles
 f - 3 rations


   Skills:
 + Level 2.1 Fighting
 + Level 2.2 Axes
 + Level 1.0 Throwing
 + Level 1.2 Armour
 + Level 2.0 Dodging
 + Level 0.1 Stealth
 - Level 2.1 Spellcasting
   Level 3.0 Translocations


You had 6 spell levels left.
You didn't know any spells.
Your spell library contained the following spells:

 Spells                   Type           Power        Failure   Level  Hunger
 Blink                    Tloc           N/A          14%         2    ###....
 Shroud of Golubria       Chrm/Tloc      #.........   26%         2    ###....
 Gell's Gravitas          Tloc           #.........   26%         3    ####...
 Lesser Beckoning         Tloc           #.........   26%         3    ####...
 Teleport Other           Tloc           #.......     26%         3    ####...
 Passage of Golubria      Tloc           N/A          65%         4    #####..


Dungeon Overview and Level Annotations

Branches:
Dungeon (3/15)

Altars:


Innate Abilities, Weirdness & Mutations

You have extremely sharp teeth.
When hurt, damage is shared between your health and your magic reserves.
Your bite disrupts and absorbs the magic of your enemies.
Potions cannot restore your health.
You are immune to rotting.
You have a pair of small horns on your head.
You can translocate small distances at will.


Message History

The adder bites you.
* * * LOW HITPOINT WARNING * * *
You are lethally poisoned!
The adder poisons you!
You miss the adder.
The adder is moderately wounded.
* * * LOW HITPOINT WARNING * * *
You feel sick. The adder closely misses you. The adder barely misses you.
You aren't carrying any potions.
You slash the adder! You bite the adder.
You kill the adder!
You have reached level 3!
Your experience leads to an increase in your attributes!
Your base attributes are Str 13, Int 13, Dex 13.
Increase (S)trength, (I)ntelligence, or (D)exterity?
You feel stronger.
* * * LOW HITPOINT WARNING * * *
You feel sick.
The kobold throws a stone.
The stone barely misses you. The kobold hits you.
You die...

#. #.# . ##.## ..
##...###### ..
##.....#.... . ..
#.......<# $..#.
#........#
#...#######........#
#.K@.....(.......##
#....######.#.....†.#
##.#. #.######†## #
#. #.# #.# .. #.#
#..# .. ..# #### <..
### ##.


You could see a kobold.

Vanquished Creatures
  An adder (D:3)
  An ooze (D:1)
  3 leopard geckos
  2 ball pythons
  2 giant cockroaches
  A hobgoblin (D:1)
  A bat (D:3)
  A frilled lizard (D:2)
  A goblin (D:2)
  2 kobolds
  A rat (D:2)
16 creatures vanquished.

Notes
Turn   | Place    | Note
-------+----------+-------------------------------------------
     0 | D:1      | emperorscorpion the Vine Stalker Warper began the quest for
                  | the Orb.
     0 | D:1      | Reached XP level 1. HP: 11/11 MP: 4/4
    79 | D:1      | Reached XP level 2. HP: 6/15 MP: 1/6
   110 | D:2      | Reached skill level 1 in Throwing
   188 | D:2      | Reached skill level 1 in Armour
   281 | D:3      | Gained mutation: You have a pair of small horns on your
                  | head. [potion of mutation]
   281 | D:3      | Gained mutation: You can translocate small distances at
                  | will. [potion of mutation]
   287 | D:3      | Reached XP level 3. HP: 2/18 MP: 2/7
   288 | D:3      | Slain by a kobold

Vault maps used:
D:1:      lordsloth_arrival_two_stooges, serial_bayou_pond_e,
          nemelex_xobeh_ov_fountains_minmay
D:2:      nicolae_qazlal_general_emergency, grunt_dithmenos_smoke_and_mirrors,
          first_ration
D:3:      portal_sewer_entry_d, nicolae_ashenzari_panopticon

Skill      XL: |  1  2 |
---------------+-------+-----
Axes           | 2 |  2.2
Throwing       | 1 |  1.0
Fighting       | 2 |  2.1
Armour         | 1 |  1.2
Dodging        | 2 |  2.0
Stealth        | |  0.1
Spellcasting   | |  2.1
Translocations | |  3.0

Action                   || total
-------------------------++-------
Melee: Hand axe          ||    51
       Bite              ||     8
       Headbutt          ||     1
  Use: Scroll            ||     2
       Potion            ||     4
 Stab: Sleeping          ||     1
Armor: Leather armour    ||    10
Dodge: Dodged            ||    43

Table legend:
 A = Non-vault XP
 B = Vault XP
 C = Vault XP percentage of total XP
 D = Non-vault monster count
 E = Vault monster count
 F = Vault count percentage of total count
                 A         B        C        D         E       F
            +---------+---------+-------+---------+---------+-------
      Total |      45 |       0 |   0.0 |      16 |       0 |   0.0
            +---------+---------+-------+---------+---------+-------
        D:1 |      11 |       0 |   0.0 |       3 |       0 |   0.0
        D:2 |      14 |       0 |   0.0 |       8 |       0 |   0.0
        D:3 |      20 |       0 |   0.0 |       5 |       0 |   0.0
            +---------+---------+-------+---------+---------+-------
